 Dungeon Crawl Stone Soup version 0.19-a0-517-gd6a9987 (webtiles) character file.

5485 Ijustatesigmund the Slicer (level 11, -3/69 HPs)
             Began as a Kobold Assassin on June 6, 2016.
             Was a Priest of Trog.
             Slain by a slime creature (16 damage)
             ... while paralysed
             ... on level 8 of the Dungeon.
             The game lasted 00:32:42 (9798 turns).

Ijustatesigmund the Slicer (Kobold Assassin)        Turns: 9798, Time: 00:32:42

Health: -3/69      AC: 10    Str: 19    XL:     11   Next: 1%
Magic:  13/13      EV:  3    Int:  9    God:    Trog [***...]
Gold:   87         SH:  0    Dex: 21    Spells: 0 memorised, 10 levels left

rFire  . . .     SeeInvis +     a - +3 dagger
rCold  . . .     Gourm    .     R - +0 robe "Yfoy" {*Drain Str+9 Slay+2}
rNeg   . . .     Faith    .     (shield restricted)
rPois  .         Spirit   .     S - +1 helmet
rElec  .         Dismiss  .     d - +1 cloak
rCorr  +         Reflect  .     C - +1 pair of gloves
SustAt .         Harm     .     r - +1 pair of boots
MR     .....                    w - amulet of regeneration
Stlth  +++++.....               J - ring of resist corrosion
                                P - ring of see invisible

@: paralysed, exhausted, slowed, not resistant to hostile enchantments, quite
stealthy
A: carnivore 3
a: Berserk, Trog's Hand, Burn Spellbooks, Renounce Religion


You were on level 8 of the Dungeon.
You worshipped Trog.
Trog was most pleased with you.
You were very full.

You visited 1 branch of the dungeon, and saw 8 of its levels.
You also visited: Sewer.

You collected 519 gold pieces.
You spent 432 gold pieces at shops.

Inventory:

Hand Weapons
 a - a +3 dagger (weapon)
 b - a +0 blowgun
 h - a +0 dagger of electrocution
 B - a +0 dagger of flaming
Missiles
 e - 9 poisoned needles
 f - 2 curare-tipped needles
 y - a throwing net (quivered)
 G - 2 needles of confusion
 H - 15 tomahawks
Armour
 d - a +1 cloak (worn)
 r - a +1 pair of boots (worn)
 C - a +1 pair of gloves (worn)
 R - the +0 robe "Yfoy" (worn) {*Drain Str+9 Slay+2}
   (You found it on level 6 of the Dungeon)

   It affects your strength (+9).
   It affects your accuracy and damage with ranged weapons and melee attacks
   (+2).
   It causes draining when unequipped.
 S - a +1 helmet (worn)
 T - a +1 scale mail of poison resistance
 X - a +3 leather armour
Jewellery
 q - an uncursed ring of fire
 v - an uncursed ring of fire
 w - an amulet of regeneration (around neck)
 J - a ring of resist corrosion (right hand)
 P - a ring of see invisible (left hand)
Wands
 F - a wand of confusion (23/48)
 L - a wand of hasting (9/9)
 M - a wand of enslavement (15/24)
 N - a wand of paralysis (18/24)
 Y - a wand of polymorph (7/24)
Scrolls
 c - 2 scrolls of teleportation
 l - 2 scrolls of remove curse
 n - a scroll of blinking
 A - 2 scrolls of random uselessness
 I - 2 scrolls of magic mapping
 Z - a scroll of recharging
Potions
 i - a potion of cancellation
 m - 2 potions of curing
 o - 3 potions of heal wounds
 p - 7 potions of might
 s - 3 potions of haste
 t - a potion of flight
 x - 2 potions of lignification
 E - a potion of resistance {unknown}
 K - a potion of cure mutation {unknown}
 O - 2 potions of mutation {unknown}
 U - 2 potions of agility {unknown}
 V - a potion of brilliance {unknown}
 W - a potion of magic {unknown}
Comestibles
 g - 6 meat rations
 j - 3 beef jerkies
 k - a slice of pizza
 D - a royal jelly


   Skills:
 + Level 8.3 Fighting
 + Level 10.4 Short Blades
 - Level 7.8 Throwing
 - Level 8.4 Dodging
 - Level 9.1 Stealth
 - Level 3.1 Evocations


You had 10 spell levels left.
You didn't know any spells.

Dungeon Overview and Level Annotations

Branches:
Dungeon (8/15)             Temple (0/1) D:5
   Lair: D:8-11

Altars:
Cheibriados
Dithmenos
Elyvilon
Hepliaklqana
Kikubaaqudgha
Nemelex Xobeh
Okawaru
Pakellas
Qazlal
Sif Muna
Trog
Vehumet
Xom
Zin

Shops:
D:8 *


Innate Abilities, Weirdness & Mutations

You are small and have problems with some larger weapons.
You are carnivorous and can eat meat at any time.


Message History

The slime creature is moderately wounded.
You puncture the slime creature!
The slime creature is moderately wounded.
The slime creature completely misses you.
You puncture the slime creature!
The slime creature is heavily wounded.
You hit the slime creature.
The slime creature is severely wounded.
You puncture the slime creature!
The slime creature is almost dead.
You hit the slime creature.
The slime creature is almost dead.
You are no longer berserk.
You pass out from exhaustion.
You feel yourself slow down. The slime creature hits you!
* * * LOW HITPOINT WARNING * * *
The slime creature hits you.
* * * LOW HITPOINT WARNING * * *
The slime creature hits you!
You die...

..##..#........###........#......
..#...#........###.#####..###....
......#...................# #....
...................#####..# #....
......#...#.#.............###....
......#........#..####.......####
##....####.....#..##.#.......# #
##........................#..####
.......###......@................
#................J...............
#####.(..#....##.................
............#..............#.###.
#####.##.##.#..<#.#..##..#.#..##.
#####.##.##.#####.#..##.......##.
.....................##..#.#..##.
#.###.##.##..............#.#..##.
#.# ####.##.#.###.............##.


You could see a slime creature.

Vanquished Creatures
  4 slime creatures (D:8)
  A spriggan (D:7)
  2 wyverns (D:8)
  2 hippogriffs
  Grum (D:8)
  A sky beast (D:5)
  2 orc warriors
  2 ice beasts
  6 ogres
  4 wolves (D:8)
  5 centaurs
  3 big kobolds
  Blork the orc (D:6)
  4 giant frogs
  A scorpion (D:4)
  A wight (D:6)
  A giant frog zombie (D:6)
  A centaur zombie (D:7)
  A crimson imp (D:5)
  2 quasits (D:6)
  6 hounds
  A giant frog skeleton (D:6)
  4 orc priests
  2 centaur skeletons
  10 orc wizards
  An iguana (D:8)
  12 worker ants
  A hound zombie (D:8)
  A hound skeleton (D:6)
  12 adders
  9 gnolls
  2 howler monkey skeletons (D:4)
  A river rat (Sewer)
  3 shadow imps
  3 oozes
  An adder zombie (D:6)
  2 adder skeletons
  6 worms
  6 dart slugs
  A giant gecko (D:3)
  26 orcs
  3 ball pythons (Sewer)
  6 giant cockroaches
  10 goblins
  10 hobgoblins
  17 jackals
  12 kobolds
  4 quokkas
  9 bats
  6 giant newts
  A quokka skeleton (D:5)
  2 quokka zombies
  9 rats
244 creatures vanquished.

Vanquished Creatures (others)
  A crocodile (D:7)
1 creature vanquished.

Grand Total: 245 creatures vanquished

Notes
Turn   | Place    | Note
--------------------------------------------------------------
     0 | D:1      | Ijustatesigmund the Kobold Assassin began the quest for the Orb.
     0 | D:1      | Reached XP level 1. HP: 12/12 MP: 1/1
    97 | D:1      | Reached XP level 2. HP: 16/17 MP: 2/2
   429 | D:1      | Reached skill level 3 in Short Blades
   507 | D:1      | Reached XP level 3. HP: 18/21 MP: 3/3
  1157 | D:2      | Reached XP level 4. HP: 26/26 MP: 4/4
  1222 | D:2      | Found a shimmering altar of Xom.
  1417 | D:2      | Reached skill level 4 in Short Blades
  2001 | D:3      | Reached XP level 5. HP: 30/30 MP: 5/5
  2119 | D:3      | Found a glowing drain.
  2123 | Sewer    | Entered a sewer
  2807 | Sewer    | Noticed a big kobold
  2830 | Sewer    | Killed a big kobold
  2830 | Sewer    | Reached XP level 6. HP: 16/38 MP: 6/6
  3109 | Sewer    | Reached skill level 5 in Fighting
  3330 | D:3      | Reached XP level 7. HP: 14/44 MP: 7/7
  3439 | D:3      | Found a white marble altar of Elyvilon.
  3620 | D:3      | Found a hazy altar of Hepliaklqana.
  3908 | D:4      | Found a stormy altar of Qazlal.
  3949 | D:4      | Reached skill level 5 in Short Blades
  3958 | D:4      | Found a bloodstained altar of Trog.
  3965 | D:4      | Became a worshipper of Trog the Wrathful
  4121 | D:4      | Found a glowing silver altar of Zin.
  4131 | D:4      | Reached skill level 6 in Short Blades
  4369 | D:4      | Found an ancient bone altar of Kikubaaqudgha.
  4369 | D:4      | Found a sparkling altar of Nemelex Xobeh.
  4420 | D:4      | Reached XP level 8. HP: 48/51 MP: 8/8
  4464 | D:4      | Found an iron altar of Okawaru.
  4560 | D:4      | Reached skill level 7 in Short Blades
  4824 | D:5      | Entered Level 5 of the Dungeon
  4847 | D:5      | Reached skill level 5 in Throwing
  5204 | D:5      | Reached * piety under Trog
  5257 | D:5      | Reached skill level 8 in Short Blades
  5534 | D:5      | Found a staircase to the Ecumenical Temple.
  5668 | D:5      | Reached XP level 9. HP: 55/55 MP: 9/9
  5794 | D:5      | Found a shimmering altar of Xom.
  6389 | D:5      | Reached ** piety under Trog
  6437 | D:5      | You fall through a shaft for 3 floors!
  6541 | D:7      | Found a deep blue altar of Sif Muna.
  6571 | D:6      | Noticed Blork the orc
  6572 | D:6      | Killed Blork the orc
  6724 | D:6      | Found a bloodstained altar of Trog.
  6768 | D:6      | Found a shadowy altar of Dithmenos.
  6933 | D:6      | Reached skill level 5 in Dodging
  7229 | D:6      | Found a snail-covered altar of Cheibriados.
  7326 | D:6      | Reached XP level 10. HP: 60/60 MP: 10/10
  7718 | D:6      | Reached skill level 1 in Evocations
  7858 | D:6      | Got a heavy robe
  7869 | D:6      | Identified the +0 robe "Yfoy" {*Drain Str+9 Slay+2} (You found it on level 6 of the Dungeon)
  8468 | D:7      | Found an oddly glowing altar of Pakellas.
  8468 | D:7      | Noticed an orange crystal statue
  8596 | D:7      | Found a radiant altar of Vehumet.
  8856 | D:8      | Reached *** piety under Trog
  9166 | D:8      | Noticed Grum
  9178 | D:8      | Reached skill level 9 in Short Blades
  9193 | D:8      | Killed Grum
  9365 | D:8      | Found Mofol Yptudgh's Assorted Antiques.
  9379 | D:8      | Bought a scroll of identify for 54 gold pieces
  9381 | D:8      | Bought a tourmaline ring for 135 gold pieces
  9381 | D:8      | Bought a runed scale mail for 108 gold pieces
  9381 | D:8      | Bought a twisted ivory wand for 108 gold pieces
  9381 | D:8      | Bought a scroll labeled JYISER WUSO for 27 gold pieces
  9770 | D:8      | Reached skill level 10 in Short Blades
  9790 | D:8      | Reached XP level 11. HP: 36/69 MP: 13/13
  9798 | D:8      | Slain by a slime creature

Vault maps used:
D:1:      minmay_arrival_solitary_statue
D:2:      lemuel_round_altar
D:3:      overflow_temple_1_default, elyvilon_altar_4, first_bread,
          gup_sewer_entry_spiral
D:4:      nicolae_overflow_hidden_temple, kennysheep_little_box,
          old_standard_altar, lemuel_crystal_altar, nemelex_deck, bloody_trog
D:5:      temple_green, tgw_xom
D:6:      wad_guarded_room, grunt_dithmenos_smoke, kennysheep_mini,
          lemuel_crystal_altar, serial_bayou, serial_bayou_pond_c,
          serial_bayou_crossing, serial_bayou_pond_a, serial_bayou_pond_a,
          uniq_blork_the_orc
D:7:      lemuel_round_altar, lemuel_round_altar,
          gammafunk_pakellas_statue_experiment, the_bakery,
          kennysheep_big_empty_room
D:8:      serial_shops, nicolae_shop_overgrown_old_shop, uniq_grum
Sewer:    sewer_co_15_rooms

Skill      XL: |  1  2  3  4  5  6  7  8  9 10 |
---------------+-------------------------------+-----
Dodging        | 2 3 7 8 |  8.4
Short Blades   | 3 4 6 8 10 | 10.4
Stealth        | 6 7 9 |  9.1
Fighting       | 4 5 8 |  8.3
Throwing       | 4 6 7 |  7.8
Evocations     | 3 |  3.1

Action                   |  1- 3 |  4- 6 |  7- 9 | 10-12 || total
-------------------------+-------+-------+-------+-------++-------
Melee: Dagger            |    82 |   225 |   624 |   276 ||  1207
 Fire: Blowgun           |       |     8 |     9 |       ||    17
Invok: Berserk           |       |       |     4 |     4 ||     8
       Burn Spellbooks   |       |       |     2 |       ||     2
       Trog's Hand       |       |       |     1 |     1 ||     2
  Use: Scroll            |     1 |     7 |    10 |     9 ||    27
       Potion            |       |     2 |     3 |       ||     5
 Stab: Sleeping          |     7 |    13 |    25 |    16 ||    61
       Distracted        |     1 |     1 |     1 |       ||     3
  Eat: Chunk             |     7 |     8 |    21 |    11 ||    47
Armor: Robe              |     9 |    33 |     1 |    19 ||    62
       Leather armour    |       |       |   121 |     8 ||   129
Dodge: Dodged            |    45 |   154 |   385 |   157 ||   741
